[Event "Titled Tuesday Blitz March 21 Early 2023"]
[White "Ioannidis, Evgenios"]
[Black "Omelja, Artem"]
[WhiteFideId "4229274"]
[BlackFideId "14119846"]
[WhiteElo "2386"]
[BlackElo "2404"]
[Result "1-0"]
[Round "04"]
[TimeControl "180+2"]
[Date "2023.03.21"]
[WhiteClock "0:01:07"]
[BlackClock "0:00:10"]

1. d4 Nf6 2. c4 e6 3. Nc3 Bb4 4. Qc2 c5 5. dxc5 Na6 6. Nf3 O-O 7. g3 Nxc5 8. Bg2 d5 9. O-O dxc4 10. Rd1 Qe7 11. Bf4 Rd8 12. Rxd8+ Qxd8 13. Rd1 Qa5 14. a3 Bxc3 15. Qxc3 Qb6 16. Qxc4 Nd5 17. b4 Na6 18. Ne5 Nxf4 19. Qxf4 f6 20. Nc4 Qb5 21. Rd8+ Kf7 22. Nd6+ Ke7 23. Nxb5 Kxd8 24. Qd6+ Ke8 25. Nc7+ Nxc7 26. Qxc7 Bd7 27. Bxb7 Rd8 28. Bc6 Ke7 29. Qxa7 e5 30. b5 Ke6 31. Qb6 Ke7 32. Qc7 Ke8 33. b6 Bxc6 34. Qxc6+ 1-0


[Site "https://www.chess.com"]

[Event "Titled Tuesday Blitz March 21 Early 2023"]
[White "Rangel, Daniel"]
[Black "Cherniaiev, Tykhon"]
[WhiteFideId "2124475"]
[BlackFideId "14182360"]
[WhiteElo "2256"]
[BlackElo "2450"]
[Result "1/2-1/2"]
[Round "04"]
[TimeControl "180+2"]
[Date "2023.03.21"]
[WhiteClock "0:00:09"]
[BlackClock "0:00:07"]

1. c4 e5 2. g3 Nf6 3. Bg2 d5 4. cxd5 Nxd5 5. Nf3 Nc6 6. O-O Be6 7. d4 exd4 8. Nxd4 Nxd4 9. Qxd4 c6 10. Nc3 Qf6 11. Qxf6 Nxf6 12. e4 Bb4 13. h3 h6 14. f4 O-O 15. Be3 Rfe8 16. e5 Bxc3 17. bxc3 Nd5 18. Bd4 c5 19. Bxc5 Nxc3 20. Bf2 Bd5 21. Bxd5 Nxd5 22. Rfc1 a6 23. Kg2 Rac8 24. a4 Red8 25. Rxc8 Rxc8 26. Rd1 Rd8 27. Kf3 Kf8 28. Bb6 Rd7 29. Bc5+ Ke8 30. Bd6 Ne7 31. Rc1 Nc6 32. Ke4 Kd8 33. Kd5 Ne7+ 34. Ke4 Nc6 35. g4 Ke8 36. Kd5 Kd8 37. h4 Ke8 38. g5 hxg5 39. hxg5 f6 40. g6 fxe5 41. fxe5 Ne7+ 42. Ke6 Nxg6 43. Rc8+ Rd8 44. Rc7 Nf4+ 45. Kf5 Nd5 46. Rxg7 b5 47. Rg8+ Kd7 48. e6+ Kc8 49. Rxd8+ Kxd8 50. axb5 axb5 51. Ke5 Ne7 52. Bxe7+ Kxe7 53. Kd5 b4 54. Kc4 Kxe6 55. Kxb4 1/2-1/2


[Site "https://www.chess.com"]

[Event "Titled Tuesday Blitz March 21 Early 2023"]
[White "Flores, Diego"]
[Black "Staudenhocker43"]
[WhiteFideId "108049"]
[WhiteElo "2606"]
[BlackElo "2495"]
[Result "1-0"]
[Round "04"]
[TimeControl "180+2"]
[Date "2023.03.21"]
[WhiteClock "0:00:26"]
[BlackClock "0:00:17"]

1. c4 c5 2. Nc3 Nc6 3. g3 g6 4. Bg2 Bg7 5. d3 e6 6. Bxc6 dxc6 7. Qd2 Ne7 8. b3 b6 9. Bb2 O-O 10. h4 h6 11. e3 e5 12. O-O-O Bg4 13. f3 Be6 14. g4 Qd7 15. Nge2 b5 16. Ne4 Qc7 17. Nxc5 Bc8 18. h5 a5 19. hxg6 fxg6 20. f4 Bxg4 21. Rdg1 Qc8 22. Ng3 a4 23. b4 bxc4 24. Bxe5 Bxe5 25. fxe5 cxd3 26. Nge4 h5 27. Nf6+ Rxf6 28. exf6 Nf5 29. Rxg4 hxg4 30. Qxd3 Qd8 31. Nd7 Nxe3 32. Qxg6# 1-0


[Site "https://www.chess.com"]

[Event "Titled Tuesday Blitz March 21 Early 2023"]
[White "Eynullayev, Atilla"]
[Black "Hambleton, Aman"]
[WhiteFideId "13413570"]
[BlackFideId "2606577"]
[WhiteElo "2181"]
[BlackElo "2511"]
[Result "0-1"]
[Round "04"]
[TimeControl "180+2"]
[Date "2023.03.21"]
[WhiteClock "0:00:02"]
[BlackClock "0:00:02"]

1. d4 Nf6 2. c4 e6 3. Nc3 Bb4 4. e3 O-O 5. Bd3 c5 6. Nf3 d5 7. cxd5 Nxd5 8. O-O cxd4 9. exd4 h6 10. Bc2 Nf6 11. Qd3 Bxc3 12. bxc3 b6 13. Ne5 Bb7 14. Qg3 Kh8 15. Re1 Nbd7 16. Qh3 Nxe5 17. Rxe5 Ng8 18. Qd3 g6 19. Qh3 Kg7 20. Bd2 Rc8 21. Rae1 Bd5 22. Bd3 Rc7 23. R5e3 Bxa2 24. Rg3 Bc4 25. Bb1 b5 26. Re5 a5 27. Qh5 Qe8 28. Qf3 a4 29. h4 a3 30. h5 a2 31. Bxa2 Bxa2 32. Qe3 Bb1 33. hxg6 Bxg6 34. Rh3 f6 0-1


[Site "https://www.chess.com"]

[Event "Titled Tuesday Blitz March 21 Early 2023"]
[White "Sreyas Payyappat"]
[Black "Csonka, Balazs"]
[WhiteFideId "46674969"]
[BlackFideId "742910"]
[WhiteElo "2083"]
[BlackElo "2404"]
[Result "0-1"]
[Round "04"]
[TimeControl "180+2"]
[Date "2023.03.21"]
[WhiteClock "0:00:13"]
[BlackClock "0:00:06"]

1. e4 c5 2. Nf3 d6 3. d4 cxd4 4. Nxd4 Nf6 5. Nc3 a6 6. h4 Nc6 7. h5 h6 8. Be3 Ng4 9. Bc1 Qb6 10. Nce2 e5 11. f3 exd4 12. fxg4 Bxg4 13. Rh4 Be6 14. Bf4 Be7 15. Rh1 Qxb2 16. Rb1 Qxa2 17. Rxb7 Bf6 18. Nc1 Qa5+ 19. Qd2 Qd8 20. g3 O-O 21. Bg2 Ne5 22. Ne2 Nc4 23. Qd3 Qa5+ 24. Kf2 Qc5 25. Bf3 Ne5 26. Bxe5 dxe5 27. Rhb1 Rfc8 28. R1b2 a5 29. R7b5 Qc4 30. Qd2 Bg5 31. Qe1 Be3+ 32. Kg2 a4 33. R5b4 Qc5 34. Rb5 Qe7 35. Ra5 a3 36. Rbb5 Rxa5 37. Rxa5 a2 38. c3 d3 39. Ng1 Bxg1 40. Kxg1 Qg5 41. Kg2 d2 42. Qd1 Rxc3 43. Kf2 Rc1 44. Qb3 Bxb3 0-1


[Site "https://www.chess.com"]

[Event "Titled Tuesday Blitz March 21 Early 2023"]
[White "Fernandez Guillen, Ernesto J."]
[Black "Yosha_Iglesias"]
[WhiteFideId "3512428"]
[WhiteElo "2423"]
[BlackElo "2467"]
[Result "1/2-1/2"]
[Round "04"]
[TimeControl "180+2"]
[Date "2023.03.21"]
[WhiteClock "0:00:07"]
[BlackClock "0:00:04"]

1. e4 c5 2. Nf3 d6 3. d4 cxd4 4. Nxd4 Nf6 5. Nc3 g6 6. f3 Nc6 7. Be3 h5 8. Bc4 Bg7 9. Qd2 Bd7 10. h4 Rc8 11. Bb3 Qa5 12. O-O-O Ne5 13. Kb1 Nc4 14. Bxc4 Rxc4 15. Nde2 Be6 16. b3 Rc6 17. Nd5 Qxd2 18. Nxf6+ Bxf6 19. Rxd2 a6 20. Bd4 Bxd4 21. Nxd4 Rc5 22. c4 Bd7 23. Rc1 f6 24. a4 a5 25. Ne2 Kf7 26. Kb2 Rg8 27. Rd5 b6 28. Rxc5 bxc5 29. Rh1 Rb8 30. Nc3 Bc6 31. Kc2 e5 32. Nb5 Bxb5 33. axb5 Ra8 34. Ra1 Ke6 35. Kd3 Kd7 36. Ke3 Kc7 37. g4 Kb6 38. gxh5 gxh5 39. Rd1 Kc7 40. Kd3 Rg8 41. Ra1 Kb6 42. Ke3 Rg2 43. Rd1 Kc7 44. b6+ Kc6 45. b7 Kxb7 46. Rxd6 Rb2 47. Rd3 Kc6 48. Rc3 Rh2 49. Rd3 Rxh4 50. Rd8 Rh1 51. Rf8 Rb1 52. Rxf6+ Kc7 53. Ra6 Rxb3+ 54. Kf2 Rc3 55. Rxa5 Rxc4 56. Ra8 Rc2+ 57. Ke3 Kc6 58. Rh8 Kb5 59. Rxh5 Rc3+ 60. Ke2 Kc4 61. Rxe5 Rc2+ 62. Ke3 Rc3+ 63. Kf4 Rc1 64. Rd5 Kb4 65. Ke5 c4 66. f4 c3 67. Rd8 c2 68. Rc8 Kb3 69. f5 Rd1 70. f6 Rd8 71. Rxc2 Kxc2 72. Ke6 Kd3 73. e5 Ke4 74. f7 Rf8 75. Kf6 Rxf7+ 76. Kxf7 Kxe5 1/2-1/2


[Site "https://www.chess.com"]

[Event "Titled Tuesday Blitz March 21 Early 2023"]
[White "Weetik, Vjacheslav"]
[Black "Yeritsyan, Hayk"]
[WhiteFideId "4153472"]
[BlackFideId "13307320"]
[WhiteElo "2469"]
[BlackElo "2447"]
[Result "1-0"]
[Round "04"]
[TimeControl "180+2"]
[Date "2023.03.21"]
[WhiteClock "0:00:09"]
[BlackClock "0:00:02"]

1. d4 Nf6 2. Nf3 e6 3. c4 c5 4. e3 Be7 5. Nc3 cxd4 6. exd4 O-O 7. Bf4 d5 8. c5 b6 9. b4 a5 10. Na4 bxc5 11. bxc5 Nc6 12. Bb5 Bb7 13. Nb6 Ra7 14. Qa4 Nb8 15. O-O Ne4 16. Rfc1 Ba6 17. Rab1 Bxb5 18. Qxb5 g5 19. Bxb8 Qxb8 20. Ne5 Rd8 21. Nc6 Qc7 22. f3 Nd2 23. Rb2 Nc4 24. Nxc4 dxc4 25. Nxa7 Qxa7 26. Qxc4 Bf6 27. Rd2 Rd5 28. Rcd1 Qc7 29. g3 h5 30. Kg2 Kg7 31. a4 Qc6 32. Qb5 Qc7 33. Qb6 Qc8 34. Qxa5 g4 35. Qc3 Qc6 36. Kg1 Qxa4 37. fxg4 hxg4 38. c6 Rd8 39. Qc5 Rc8 40. c7 Qb3 41. d5 exd5 42. Rxd5 Qf3 43. Rf1 Qe4 44. Rg5+ Bxg5 45. Qxg5+ Kh7 46. Qh5+ Kg7 47. Qxf7+ Kh6 48. Qf6+ Kh7 49. Qf7+ Kh8 50. Qd7 Qe3+ 51. Rf2 Qe1+ 52. Kg2 Qe4+ 53. Kf1 Qh1+ 54. Ke2 Qe4+ 55. Kd2 Qb4+ 56. Kd1 Qb3+ 57. Rc2 Qf3+ 58. Kc1 Qe3+ 59. Kb2 Qb6+ 60. Kc1 Qe3+ 61. Qd2 Qg1+ 62. Kb2 Qb6+ 63. Kc1 Qg1+ 64. Qd1 Qe3+ 65. Kb1 Qb6+ 66. Rb2 Qg6+ 67. Qc2 Qf7 68. Qc3+ Kg8 69. Rc2 Qf1+ 70. Kb2 Qb5+ 71. Kc1 Qf1+ 72. Kb2 Qb5+ 73. Qb3+ Qxb3+ 74. Kxb3 Kf7 75. Kb4 Ke6 76. Kb5 Kd7 77. Kb6 Re8 78. Kb7 Rc8 79. Rd2+ 1-0


[Site "https://www.chess.com"]

[Event "Titled Tuesday Blitz March 21 Early 2023"]
[White "Bolourchifard, Farzad"]
[Black "Harriott, Tyrell"]
[WhiteFideId "12510084"]
[BlackFideId "2086484"]
[WhiteElo "2317"]
[BlackElo "2107"]
[Result "1-0"]
[Round "04"]
[TimeControl "180+2"]
[Date "2023.03.21"]
[WhiteClock "0:01:16"]
[BlackClock "0:00:17"]

1. e4 e6 2. d4 d5 3. exd5 exd5 4. Nf3 f5 5. c4 Nf6 6. cxd5 Bd6 7. Bc4 O-O 8. O-O Nbd7 9. Nc3 Nb6 10. Bb3 Qe8 11. Re1 Qh5 12. Nb5 Bd7 13. Nxd6 cxd6 14. Bf4 Ne4 15. Nd2 Qg6 16. f3 Ng5 17. Kh1 Rf6 18. Nc4 Nxc4 19. Bxc4 Raf8 20. Qd2 Nf7 21. Re7 Bc8 22. Rae1 h6 23. Bb5 Ng5 24. Be8 Qh7 25. Bxg5 hxg5 26. Qxg5 Rh6 27. h3 f4 28. Bd7 Bxd7 29. Rxd7 Rxh3+ 30. gxh3 Qxh3+ 31. Kg1 Qxd7 32. Re7 Qxe7 33. Qxe7 Rf6 34. Qxb7 Kh7 35. Qxa7 Kg6 36. Qd7 Kh6 37. a4 Rg6+ 38. Kf2 Rg3 39. Qxd6+ g6 40. Qxf4+ Rg5 41. Qxg5+ Kxg5 42. a5 Kf6 43. a6 Ke7 44. a7 Kd6 45. a8=Q Ke7 46. Qc6 Kf7 47. Qe6+ Kg7 48. Qe7+ Kh6 49. Qh4+ Kg7 50. Qg5 Kf7 51. b4 Kg7 52. b5 Kf7 53. b6 Ke8 54. Qxg6+ Kd7 55. Qe6+ Kd8 56. Qf7 1-0


[Site "https://www.chess.com"]

[Event "Titled Tuesday Blitz March 21 Early 2023"]
[White "Mindlin, Alon"]
[Black "Avazkhonov, Alikhon"]
[WhiteFideId "2800071"]
[BlackFideId "14208504"]
[WhiteElo "2430"]
[BlackElo "1739"]
[Result "1-0"]
[Round "04"]
[TimeControl "180+2"]
[Date "2023.03.21"]
[WhiteClock "0:02:15"]
[BlackClock "0:00:33"]

1. d4 Nf6 2. c4 e6 3. Nf3 Bb4+ 4. Nc3 Qe7 5. g3 O-O 6. Bd2 d6 7. Bg2 e5 8. e3 Bg4 9. dxe5 dxe5 10. h3 Bd7 11. a3 Bd6 12. Ng5 Bc6 13. Bxc6 Nxc6 14. Qc2 Nd4 15. Qb1 h6 16. Nd5 Nxd5 17. Qh7# 1-0


[Site "https://www.chess.com"]

[Event "Titled Tuesday Blitz March 21 Early 2023"]
[White "Skvortsov, Andrei"]
[Black "Rios Escobar, Adan"]
[WhiteFideId "24108600"]
[BlackFideId "3403645"]
[WhiteElo "2259"]
[BlackElo "2398"]
[Result "1-0"]
[Round "04"]
[TimeControl "180+2"]
[Date "2023.03.21"]
[WhiteClock "0:02:13"]
[BlackClock "0:02:00"]

1. d4 Nf6 2. Nf3 g6 3. Nc3 d5 4. Bf4 c6 5. Qd2 Nbd7 6. Bh6 Bxh6 7. Qxh6 b5 8. a3 a5 9. Ne5 Nxe5 10. dxe5 Nd7 11. Qg7 Rf8 12. e4 d4 13. Ne2 c5 14. f4 Bb7 15. Ng3 h5 16. e6 Nf6 17. Bxb5+ 1-0


[Site "https://www.chess.com"]

[Event "Titled Tuesday Blitz March 21 Early 2023"]
[White "Klepikov, Nikita"]
[Black "Preotu, Razvan"]
[WhiteFideId "24145220"]
[BlackFideId "2613280"]
[WhiteElo "2025"]
[BlackElo "2407"]
[Result "1-0"]
[Round "04"]
[TimeControl "180+2"]
[Date "2023.03.21"]
[WhiteClock "0:00:53"]
[BlackClock "0:02:09"]

1. e4 c5 2. Nf3 d6 3. d4 cxd4 4. Nxd4 Nf6 5. Nc3 a6 6. Bc4 e6 7. Bb3 b5 8. Qf3 Qc7 9. Bg5 Be7 10. O-O-O b4 11. Na4 O-O 12. e5 Bb7 13. exf6 Bxf3 14. fxe7 Bxd1 15. Nxe6 1-0


[Site "https://www.chess.com"]

[Event "Titled Tuesday Blitz March 21 Early 2023"]
[White "Manukyan, Sargis A."]
[Black "Lorenzo De La Riva, Lazaro"]
[WhiteFideId "13303970"]
[BlackFideId "2268809"]
[WhiteElo "2187"]
[BlackElo "2294"]
[Result "1-0"]
[Round "04"]
[TimeControl "180+2"]
[Date "2023.03.21"]
[WhiteClock "0:01:29"]
[BlackClock "0:00:04"]

1. d4 Nf6 2. c4 c5 3. d5 b5 4. cxb5 a6 5. bxa6 g6 6. Nc3 Bg7 7. Nf3 O-O 8. g3 d6 9. Bg2 Nxa6 10. O-O Bb7 11. Nh4 Qb6 12. Rb1 Nd7 13. Bd2 Nc7 14. b3 Nb5 15. Nxb5 Qxb5 16. a4 Qa6 17. Re1 Rfb8 18. e4 Ne5 19. Bc3 Qb6 20. f4 c4+ 21. Bd4 Qa5 22. fxe5 dxe5 23. Be3 c3 24. Qc2 Ba6 25. b4 Qc7 26. b5 Bc8 27. Rec1 Qd7 28. Qxc3 Rxa4 29. Qc7 Qxc7 30. Rxc7 Bg4 31. b6 Ra3 32. Bc5 Rc3 33. h3 Be2 34. d6 exd6 35. Bxd6 Rxc7 36. Bxc7 Rb7 37. Re1 Bb5 38. Nf3 Kf8 39. Rd1 Ke7 40. Nxe5 Bxe5 41. Bxe5 Rxb6 42. Rb1 Ke6 43. Bd4 Rb8 44. Bf2 Rd8 45. Rxb5 h5 46. h4 g5 47. Rxg5 f6 48. Rxh5 Rd1+ 49. Bf1 Ra1 50. Rf5 Ke7 51. Rf4 Ke6 52. h5 Ke5 53. Rh4 f5 54. exf5 Kf6 55. h6 Ra8 56. h7 Kg5 57. Bg2 Ra1+ 58. Kh2 Rb1 59. h8=Q Kxf5 60. Rf4+ Ke6 61. Qf6+ Kd7 62. Rd4+ Kc8 63. Qc6+ Kb8 64. Qa8+ Kc7 65. Qd8# 1-0


[Site "https://www.chess.com"]

[Event "Titled Tuesday Blitz March 21 Early 2023"]
[White "Abduzhaparov"]
[Black "Perez Gormaz, Matias"]
[BlackFideId "3406342"]
[WhiteElo "2352"]
[BlackElo "2362"]
[Result "0-1"]
[Round "04"]
[TimeControl "180+2"]
[Date "2023.03.21"]
[WhiteClock "0:00:06"]
[BlackClock "0:00:15"]

1. Nf3 d5 2. c4 d4 3. e3 Nc6 4. b4 dxe3 5. fxe3 Nxb4 6. d4 e6 7. a3 Nc6 8. d5 Na5 9. Qa4+ c6 10. Bd2 b6 11. Bxa5 bxa5 12. dxc6 Nf6 13. c5 Qc7 14. Nc3 a6 15. Rb1 Bxc5 16. Rb7 Qd6 17. Ng5 O-O 18. Nce4 Nxe4 19. Qxe4 f5 20. Qh4 h6 21. Qh5 hxg5 22. Rxg7+ Kxg7 23. Qxg5+ Kf7 24. Be2 Rh8 25. Bh5+ Rxh5 26. Qxh5+ Ke7 27. Ke2 Qxc6 28. Qh7+ Kd8 29. Rd1+ Bd7 30. Qg8+ Kc7 31. Qg3+ Bd6 32. Qh3 Qc2+ 33. Rd2 Bb5+ 34. Ke1 Qc1+ 35. Rd1 Qc3+ 36. Rd2 Rh8 37. Qf3 Qc1+ 38. Rd1 Qc3+ 39. Rd2 Rxh2 0-1


[Site "https://www.chess.com"]

[Event "Titled Tuesday Blitz March 21 Early 2023"]
[White "Derjabin, Ilja"]
[Black "Adithya A Chullikkad"]
[WhiteFideId "14104768"]
[BlackFideId "45078734"]
[WhiteElo "2309"]
[BlackElo "1984"]
[Result "1-0"]
[Round "04"]
[TimeControl "180+2"]
[Date "2023.03.21"]
[WhiteClock "0:00:05"]
[BlackClock "0:00:05"]

1. d4 Nf6 2. c4 e6 3. Nc3 d5 4. cxd5 exd5 5. Bg5 Bb4 6. e3 O-O 7. Bd3 h6 8. Bh4 c6 9. Ne2 Be6 10. O-O Nbd7 11. Nf4 Bd6 12. Nxe6 fxe6 13. e4 Be7 14. Bg3 Qb6 15. e5 Ne8 16. Na4 Qa5 17. b3 b5 18. Nb2 Qc3 19. Rb1 Kh8 20. Qh5 Rg8 21. Rfc1 Qxd4 22. Bg6 Nc7 23. Rd1 Qb4 24. Nd3 Qa3 25. Bf4 Bf8 26. Bf7 c5 27. Bxg8 Kxg8 28. Bxh6 gxh6 29. Nf4 Ne8 30. Nxe6 Ng7 31. Nxg7 Bxg7 32. e6 Nf8 33. Qf7+ Kh8 34. e7 Qa5 35. e8=Q Rxe8 36. Qxe8 Qxa2 37. Re1 Kg8 38. Qd8 Bd4 39. Rf1 Bxf2+ 40. Kh1 d4 41. Qd5+ Kh8 42. Qxc5 d3 43. Qxf2 d2 44. Qd4+ Kh7 45. Rbd1 Qxb3 46. Qe4+ Ng6 47. Rxd2 h5 48. Rd7+ Kh6 49. Rd6 Qg8 50. h3 Kg5 51. Rf5+ Kh6 52. Rff6 Qg7 53. Rxg6+ Qxg6 54. Qxg6# 1-0


[Site "https://www.chess.com"]

[Event "Titled Tuesday Blitz March 21 Early 2023"]
[White "monkins"]
[Black "Yilmaz, Mustafa"]
[BlackFideId "6302718"]
[WhiteElo "2247"]
[BlackElo "2523"]
[Result "0-1"]
[Round "04"]
[TimeControl "180+2"]
[Date "2023.03.21"]
[WhiteClock "0:00:01"]
[BlackClock "0:00:29"]

1. Nf3 d5 2. g3 g6 3. Bg2 Bg7 4. O-O e5 5. d3 Ne7 6. c4 c6 7. Nbd2 O-O 8. Rb1 a5 9. a3 f5 10. b4 axb4 11. axb4 e4 12. Ne1 Nd7 13. Qb3 Kh8 14. Bb2 Ne5 15. b5 Be6 16. Bxe5 Bxe5 17. Nc2 Qd7 18. Rfd1 Qc7 19. bxc6 bxc6 20. Qb7 Rfc8 21. Rdc1 Ra2 22. Qxc7 Rxc7 23. d4 Bf6 24. c5 g5 25. e3 f4 26. Bf1 f3 27. Ra1 Rca7 28. Rxa2 Rxa2 29. Nb1 Bc8 30. Nc3 Rb2 31. Na4 Rb3 32. Nb6 Be6 33. Ra1 Rb2 34. Na3 h5 35. Nb1 Rc2 36. Na3 Rc3 37. Nb1 Rc1 38. Ra8+ Kg7 0-1


[Site "https://www.chess.com"]

[Event "Titled Tuesday Blitz March 21 Early 2023"]
[White "Jones, Gawain C B"]
[Black "Jaskolka, Tomasz"]
[WhiteFideId "409561"]
[BlackFideId "1170791"]
[WhiteElo "2645"]
[BlackElo "2155"]
[Result "1-0"]
[Round "04"]
[TimeControl "180+2"]
[Date "2023.03.21"]
[WhiteClock "0:01:01"]
[BlackClock "0:00:10"]

1. e4 c5 2. Nc3 e6 3. Nf3 Nc6 4. Bb5 Nd4 5. O-O a6 6. Bd3 Nc6 7. Be2 Qc7 8. d4 cxd4 9. Nxd4 Nf6 10. Kh1 Be7 11. f4 d6 12. Nxc6 Qxc6 13. e5 Nd7 14. Bf3 Qc7 15. exd6 Bxd6 16. f5 Ne5 17. fxe6 Bxe6 18. Bxb7 Rd8 19. Bxa6 O-O 20. Bf4 Nc4 21. Nb5 Bxf4 22. Nxc7 Rxd1 23. Nxe6 Rxa1 24. Rxa1 fxe6 25. Bxc4 Rf6 26. a4 Be5 27. c3 Kf7 28. a5 Bb8 29. Rf1 Rxf1+ 30. Bxf1 Ke7 31. Bd3 h6 32. g3 Ba7 33. Kg2 Be3 34. Kf3 Bg1 35. b4 Kd6 36. c4 Bd4 37. c5+ Kc6 38. a6 Kc7 39. Bc4 e5 40. Ke4 Kb8 41. Kd5 Ka7 42. Kc6 g5 43. b5 h5 44. b6+ Ka8 45. a7 e4 46. Bd5 e3 47. Kb5# 1-0


[Site "https://www.chess.com"]

[Event "Titled Tuesday Blitz March 21 Early 2023"]
[White "Borgaonkar Akshay"]
[Black "Yuan, Qingyu"]
[WhiteFideId "25639110"]
[BlackFideId "8609772"]
[WhiteElo "2063"]
[BlackElo "2359"]
[Result "0-1"]
[Round "04"]
[TimeControl "180+2"]
[Date "2023.03.21"]
[WhiteClock "0:00:08"]
[BlackClock "0:00:11"]

1. Nf3 d5 2. b3 Nf6 3. Bb2 e6 4. e3 Be7 5. d4 O-O 6. Bd3 c5 7. O-O cxd4 8. exd4 Nc6 9. Nbd2 b6 10. Ne5 Nb4 11. Be2 Ba6 12. Bxa6 Nxa6 13. a4 Qc7 14. c3 Bd6 15. Qe2 Nb8 16. f4 Nc6 17. Rac1 Na5 18. b4 Nc6 19. Rf3 Ne7 20. Rh3 Rac8 21. Rf1 Ng6 22. Nxg6 hxg6 23. Qf2 Rfe8 24. Qh4 Kf8 25. Kh1 Ke7 26. Qf2 Rh8 27. Rxh8 Rxh8 28. h3 Rh5 29. Qe3 Rf5 30. g3 Rh5 31. Kg2 Qc6 32. Ra1 Kf8 33. a5 b5 34. Qe2 Ne4 35. Nxe4 dxe4 36. Kh2 f5 37. Qe3 Qd5 38. Re1 a6 39. Re2 Kf7 40. Kg2 Rh8 41. Rf2 Bc7 42. Rc2 Ke7 43. Ba3 Bd6 44. Bc1 Qb3 45. Rb2 Qd5 46. Rf2 Rc8 47. Bd2 Bb8 48. Re2 Ba7 49. Rf2 Qb3 50. Re2 Qd1 51. Rf2 Rc4 52. Re2 Qb3 53. Rf2 Kd7 54. Re2 Rc8 55. Rf2 Qd5 56. Re2 Kc6 57. Rf2 Kb7 58. Re2 Bb8 59. Rf2 Bd6 60. Re2 Rh8 61. Rf2 Qc4 62. d5 Bc7 63. d6 Bd8 64. Re2 Qd5 65. Rf2 Qxd6 66. c4 bxc4 67. Bc3 Qd3 68. Qe1 Bf6 69. Rd2 Qxc3 70. Rd7+ Kc6 71. Qd1 Qf3+ 72. Kg1 Qxg3+ 73. Kf1 Qf3+ 74. Kg1 Qxd1+ 75. Rxd1 Rxh3 76. Kg2 Rf3 77. Rh1 Rxf4 78. Rh8 Rg4+ 79. Kf2 Kb5 80. Ke2 Kxb4 81. Kf1 Kxa5 82. Rb8 e3 83. Ke2 Re4 84. Kf3 e2 85. Rb1 c3 86. Rb2 cxb2 87. Kg2 b1=Q 88. Kh2 0-1


[Site "https://www.chess.com"]

[Event "Titled Tuesday Blitz March 21 Early 2023"]
[White "Harshavardhan G B"]
[Black "Mackster23"]
[WhiteFideId "25059009"]
[WhiteElo "2323"]
[BlackElo "2537"]
[Result "1-0"]
[Round "04"]
[TimeControl "180+2"]
[Date "2023.03.21"]
[WhiteClock "0:01:00"]
[BlackClock "0:00:07"]

1. Nf3 e6 2. g3 f5 3. Bg2 Nf6 4. O-O g6 5. c4 Bg7 6. d4 O-O 7. Nc3 d6 8. Re1 Nc6 9. d5 Ne5 10. Nxe5 dxe5 11. e4 exd5 12. Nxd5 Nxd5 13. Qxd5+ Qxd5 14. cxd5 Bd7 15. b3 c6 16. Ba3 Rfc8 17. exf5 gxf5 18. Rad1 e4 19. f3 cxd5 20. fxe4 fxe4 21. Bxe4 Bc6 22. Bxd5+ Bxd5 23. Rxd5 Rc2 24. Re7 Rxa2 25. Rg5 Rxa3 26. Rgxg7+ Kf8 27. Ref7+ Ke8 28. Rxb7 Kf8 29. Rxh7 Kg8 30. h4 Rc8 31. Kg2 a5 32. h5 a4 33. Rbg7+ Kf8 34. Ra7 Kg8 35. bxa4 Rcc3 36. Rag7+ Kf8 37. Rg5 Rxa4 38. h6 Rc2+ 39. Kh3 Raa2 40. Kg4 Ra4+ 41. Kh3 Raa2 42. Rf5+ Ke8 43. Kg4 Rc4+ 44. Rf4 Rc6 45. Kg5 Rg2 46. g4 Rc5+ 47. Rf5 Rc4 48. Rf4 Rc5+ 49. Kh4 Rh2+ 50. Kg3 Rh1 51. Ra4 Rg1+ 52. Kf2 Rb1 53. Ra8+ 1-0


[Site "https://www.chess.com"]

[Event "Titled Tuesday Blitz March 21 Early 2023"]
[White "Gadimbayli, Abdulla"]
[Black "Golubev, Mikhail"]
[WhiteFideId "13404938"]
[BlackFideId "14100983"]
[WhiteElo "2390"]
[BlackElo "2374"]
[Result "1-0"]
[Round "04"]
[TimeControl "180+2"]
[Date "2023.03.21"]
[WhiteClock "0:00:30"]
[BlackClock "0:00:01"]

1. e4 c5 2. Nf3 d6 3. d4 cxd4 4. Nxd4 Nf6 5. Nc3 g6 6. f3 Bg7 7. Be3 a6 8. Qd2 h5 9. O-O-O Nbd7 10. Nb3 Qc7 11. Be2 b5 12. a3 Bb7 13. Bd4 Rc8 14. Kb1 Nc5 15. Nxc5 dxc5 16. Be3 b4 17. axb4 cxb4 18. Na4 O-O 19. Nb6 b3 20. Nxc8 Rxc8 21. cxb3 Nxe4 22. fxe4 Bxe4+ 23. Bd3 Rd8 24. Qc2 Rxd3 25. Rxd3 Qe5 26. Rhd1 Kh7 27. Bd4 1-0


[Site "https://www.chess.com"]

[Event "Titled Tuesday Blitz March 21 Early 2023"]
[White "Vaishali, Rameshbabu"]
[Black "Reprintsev, Alexander"]
[WhiteFideId "5091756"]
[BlackFideId "14100541"]
[WhiteElo "2410"]
[BlackElo "2229"]
[Result "1-0"]
[Round "04"]
[TimeControl "180+2"]
[Date "2023.03.21"]
[WhiteClock "0:00:03"]
[BlackClock "0:00:20"]

1. d4 d5 2. Nf3 Nc6 3. g3 Bf5 4. Bg2 Nb4 5. c3 Nc6 6. O-O e6 7. b4 Nf6 8. Qa4 Bd6 9. b5 Ne7 10. Ba3 O-O 11. Nbd2 a6 12. Bxd6 Qxd6 13. Qb3 axb5 14. Qxb5 c6 15. Qb6 Nd7 16. Qb2 b5 17. Nh4 Qa3 18. Qc1 Qxc1 19. Rfxc1 Ra3 20. Nxf5 Nxf5 21. e4 Nd6 22. exd5 exd5 23. Rc2 Rfa8 24. Bf1 Nb6 25. Bd3 g6 26. Kg2 f6 27. h4 Kf7 28. Kf3 h5 29. Kg2 R8a4 30. Be2 Nbc4 31. Nb1 Ne4 32. Bxc4 dxc4 33. f3 Nd6 34. Nxa3 Rxa3 35. Re1 Nf5 36. Kh3 Ne7 37. Rce2 Nd5 38. Re6 Rxc3 39. Rxc6 Rxf3 40. Rc5 Nf4+ 41. Kh2 Nd3 42. Rc7+ Kf8 43. Rc8+ Kf7 44. Rc7+ Kf8 45. Ree7 Rf2+ 46. Kg1 Rxa2 47. Red7 Ra8 48. Rh7 Kg8 49. Rcg7+ Kf8 50. Rxg6 Ra1+ 51. Kh2 c3 52. Rxf6+ Kg8 53. Rc7 b4 54. Rd6 Ra8 55. Rb6 Re8 56. g4 hxg4 57. h5 Nf4 58. h6 Nd5 59. Rg7+ Kh8 60. Rbb7 Nf6 61. Rgf7 c2 62. Rfc7 Re2+ 63. Kg3 Re3+ 64. Kh4 b3 65. Kg5 Rf3 66. Rc8+ Ng8 67. h7 Rf8 68. hxg8=Q+ Kxg8 69. Rcc7 Rd8 70. d5 Rxd5+ 71. Kxg4 Rd8 72. Rxb3 Kf8 73. Rbc3 Rd4+ 74. Kf5 Rd5+ 75. Ke6 Rd8 76. Rc8 1-0


[Site "https://www.chess.com"]

[Event "Titled Tuesday Blitz March 21 Early 2023"]
[White "Padmini, Rout"]
[Black "Starozhilov, Leonid"]
[WhiteFideId "5029295"]
[BlackFideId "14106752"]
[WhiteElo "2314"]
[BlackElo "2402"]
[Result "0-1"]
[Round "04"]
[TimeControl "180+2"]
[Date "2023.03.21"]
[WhiteClock "0:00:05"]
[BlackClock "0:00:06"]

1. e4 g6 2. d4 Bg7 3. Nc3 d6 4. Be3 Nf6 5. f3 c6 6. Qd2 b5 7. g4 h5 8. g5 Nfd7 9. h4 Nb6 10. a4 b4 11. Nd1 a5 12. Nf2 N8d7 13. f4 c5 14. Nf3 O-O 15. c3 Ba6 16. Bxa6 Rxa6 17. Qd3 Ra8 18. f5 bxc3 19. bxc3 cxd4 20. cxd4 Nc5 21. dxc5 Bxa1 22. cxb6 Qd7 23. O-O Bg7 24. Nh3 Rac8 25. Nf4 Rc3 26. Qd2 Qxa4 27. Nd5 Rc2 28. Qd3 e6 29. Ne7+ Kh7 30. f6 Bh8 31. Nd4 Rb2 32. Ndc6 Qa2 33. Rf2 Rb1+ 34. Kg2 Qa1 35. Rc2 Rh1 36. b7 Rxh4 37. b8=Q Qh1+ 38. Kf2 Rh2+ 39. Kg3 Rh3+ 40. Kf2 Qf3+ 41. Ke1 Rh1+ 42. Kd2 Rd1+ 43. Kc3 Rxd3+ 44. Kxd3 Rxb8 45. Nxb8 Qd1+ 46. Kc3 Qa1+ 47. Kd3 Qd1+ 48. Kc3 h4 49. Nd7 Qe1+ 50. Kd3 Qd1+ 51. Kc3 Qe1+ 52. Kb3 Qb4+ 53. Ka2 Qa4+ 54. Kb1 Qxd7 55. Rh2 Qb5+ 56. Kc1 Qc4+ 57. Kd2 Qxe4 58. Bf2 Bxf6 59. Rxh4+ Qxh4 60. Bxh4 Bxe7 61. Kc3 Kg7 0-1


[Site "https://www.chess.com"]

[Event "Titled Tuesday Blitz March 21 Early 2023"]
[White "Papasimakopoulos, Alexandros"]
[Black "Bernat, David"]
[WhiteFideId "4244125"]
[BlackFideId "2099225"]
[WhiteElo "2359"]
[BlackElo "2465"]
[Result "1-0"]
[Round "04"]
[TimeControl "180+2"]
[Date "2023.03.21"]
[WhiteClock "0:01:24"]
[BlackClock "0:00:17"]

1. d4 d5 2. c4 e5 3. dxe5 d4 4. a3 Nc6 5. e3 Nge7 6. Nf3 Bg4 7. Be2 dxe3 8. Qxd8+ Rxd8 9. Bxe3 Ng6 10. Nc3 Be7 11. Nd5 O-O 12. Nxc7 Bxf3 13. Bxf3 Ngxe5 14. Be2 Nd4 15. Rc1 b6 16. Nd5 Bc5 17. b4 Nxe2 18. Kxe2 Bxe3 19. Nxe3 Nd3 20. Rc3 Nf4+ 21. Kf3 g5 22. h4 f6 23. c5 bxc5 24. bxc5 Nd3 25. c6 Ne5+ 26. Kg3 Rc8 27. c7 f5 28. Nd5 f4+ 29. Kh3 g4+ 30. Kh2 Rf7 31. Re1 Ng6 32. h5 Nf8 33. Ne7+ Rxe7 34. Rxe7 1-0


[Site "https://www.chess.com"]